 Dungeon Crawl Stone Soup version 0.23-a0-629-gae4348f (webtiles) character file.

273 nikopol the Chopper (level 6, -1/53 HPs)
             Began as a Minotaur Fighter on Dec 26, 2018.
             Killed by divine providence
             ... invoked by an orc priest
              (12 damage)
             ... on level 4 of the Dungeon.
             The game lasted 00:04:46 (2554 turns).

nikopol the Chopper (Minotaur Fighter)              Turns: 2554, Time: 00:04:47

Health: -1/53      AC: 10    Str: 22    XL:     6   Next: 2%
Magic:  5/5        EV:  8    Int:  5    God:
Gold:   162        SH: 10    Dex: 10    Spells: 5/5 levels left

rFire    . . .     SeeInvis .   a - +0 war axe
rCold    . . .     Gourm    .   c - +0 shield
rNeg     . . .     Faith    .   b - +0 scale mail
rPois    .         Spirit   .   s - +1 hat
rElec    .         Reflect  .   (no cloak)
rCorr    .         Harm     .   (no gloves)
MR       .....                  k - +1 pair of boots
Stlth    ++........             (no amulet)
HPRegen  0.17/turn              e - ring of stealth
MPRegen  0.09/turn              r - ring of stealth

@: no status effects
A: retaliatory headbutt, horns 2
a: no special abilities


You were on level 4 of the Dungeon.
You were not hungry.

You visited 1 branch of the dungeon, and saw 4 of its levels.

You collected 162 gold pieces.

Inventory:

Hand Weapons
 a - a +0 war axe (weapon)
Missiles
 p - 3 exploding tomahawks (quivered)
Armour
 b - a +0 scale mail (worn)
 c - a +0 shield (worn)
 k - a +1 pair of boots (worn)
 s - a +1 hat (worn)
Jewellery
 e - a ring of stealth (left hand)
 r - a ring of stealth (right hand)
Wands
 q - a wand of flame (10)
Scrolls
 g - 2 scrolls of enchant armour {unknown}
 h - 2 scrolls of random uselessness {unknown}
 i - 2 scrolls of identify
 m - a scroll of immolation {unknown}
 n - a scroll of magic mapping {unknown}
 o - 2 scrolls of fear {unknown}
 t - a scroll of fog {unknown}
Potions
 d - a potion of might
 j - a potion of heal wounds
Comestibles
 f - 10 rations


   Skills:
 + Level 4.6 Fighting
 + Level 5.0 Axes
 + Level 4.8 Armour
 + Level 1.2 Dodging
 + Level 0.8 Stealth
 + Level 4.7 Shields


You had 5 spell levels left.
You didn't know any spells.
Your spell library contained the following spells:

 Spells                   Type           Power        Failure   Level  Hunger
 Confusing Touch          Hex            #.....       99%         1    ##.....
 Confuse                  Hex            #.......     100%        3    ####...
 Gell's Gravitas          Tloc           #.........   100%        3    ####...
 Petrify                  Tmut/Erth      #.......     100%        4    #####..
 Metabolic Englaciation   Hex/Ice        #.........   100%        5    ######.
 Yara's Violent Unravell  Hex/Tmut       #.........   100%        5    ######.


Dungeon Overview and Level Annotations

Branches:
Dungeon (4/15)
 Temple: D:4-7

Altars:
Uskayaw
Lugonu

Portals:
Abyss: D:1


Innate Abilities, Weirdness & Mutations

You reflexively headbutt those who attack you in melee.
You have a pair of horns on your head.


Message History

Pain shoots through your body!
You hear some strange, mumbled words.
A magic dart appears from out of thin air!
The magic dart hits you! You block the orc priest's attack.
Something hits you but does no damage.
Your shield prevents you from hitting the orc priest.
Your headbutt misses the orc priest.
Your shield prevents you from hitting something.
The orc priest calls down the wrath of Beogh upon you.
Beogh smites you!
* * * LOW HITPOINT WARNING * * *
You hear some strange, mumbled words.
Something tries to affect you, but you resist.
You slash the orc priest! You headbutt the orc priest!
The orc priest is almost dead.
You closely miss something. You block the orc priest's attack.
Something hits you but does no damage.
The orc priest invokes the aid of Beogh against you.
Beogh smites you!
You die...

### #.# ..# #.#
########..# ♣.♣
#.#.......# ♣.♣
#.#.......# ♣.♣
#.#.......#
♣.♣##'#.......#
♣.♣#.......@..#
#♣.♣#....###{o.....#
#...#....# #.......#
##'''#....# #.......#
####.....(..## #.......#
.[...#.........+...?...#
###.####.#.#####.......#
...........# ###'#####
###'#####..#


You could see an orc priest.

Vanquished Creatures
  2 howler monkeys
  An orc priest (D:4)
  An iguana (D:4)
  A worker ant (D:4)
  6 adders
  2 worms
  3 dart slugs (D:2)
  A leopard gecko (D:1)
  5 orcs
  A giant cockroach (D:2)
  2 goblins (D:2)
  7 hobgoblins
  2 quokkas (D:3)
  8 bats
  4 frilled lizards
  A jackal skeleton (D:3)
  5 kobolds
  7 rats
59 creatures vanquished.

Notes
Turn   | Place    | Note
-------+----------+-------------------------------------------
     0 | D:1      | nikopol the Minotaur Fighter began the quest for the Orb.
     0 | D:1      | Reached XP level 1. HP: 19/19 MP: 0/0
   604 | D:1      | Found a one-way gate to the infinite horrors of the Abyss.
   604 | D:1      | Found a corrupted altar of Lugonu.
   604 | D:1      | Noticed a quasit
   604 | D:1      | Noticed an iron imp
   604 | D:1      | Noticed an iron imp
   604 | D:1      | Noticed a quasit
   604 | D:1      | Noticed a quasit
   604 | D:1      | Noticed an iron imp
   604 | D:1      | Noticed a demonic crawler
   745 | D:2      | Reached XP level 2. HP: 24/27 MP: 1/1
   912 | D:2      | Reached XP level 3. HP: 30/33 MP: 2/2
   926 | D:2      | Reached skill level 3 in Axes
   967 | D:2      | Noticed a +0 dagger
   967 | D:2      | Noticed a +0 dagger
   968 | D:2      | Found a hide-covered altar of Uskayaw.
  1100 | D:2      | Reached XP level 4. HP: 40/40 MP: 3/3
  2037 | D:4      | Reached skill level 4 in Axes
  2037 | D:4      | Reached XP level 5. HP: 26/47 MP: 4/4
  2422 | D:4      | Reached skill level 1 in Dodging
  2458 | D:4      | Reached skill level 5 in Axes
  2458 | D:4      | Reached XP level 6. HP: 42/53 MP: 5/5
  2554 | D:4      | Killed from afar by an orc priest

Vault maps used:
D:1:      erik_arrival_cave_to_civilisation
D:2:      dancing_weapons_uskayaw, first_ration
D:3:      minmay_misc_feat_hallway, kennysheep_big_empty_room
D:4:      kennysheep_cross_bottleneck, uniq_menkaure

Skill      XL: |  1  2  3  4  5 |
---------------+----------------+-----
Armour         | 4 |  4.8
Shields        | 4 |  4.7
Fighting       | 4 |  4.6
Axes           | 3 4 5 |  5.0
Dodging        | 1 |  1.2
Stealth        | |  0.8

Action                   |  1- 3 |  4- 6 || total
-------------------------+-------+-------++-------
Melee: War axe           |    65 |    64 ||   129
       Headbutt          |     9 |    13 ||    22
  Use: Scroll            |       |     1 ||     1
 Stab: Sleeping          |       |     4 ||     4
  Eat: Chunk             |     1 |     4 ||     5
Armor: Scale mail        |    31 |    27 ||    58
Dodge: Dodged            |    21 |    18 ||    39
Block: Shield            |    30 |    35 ||    65

Table legend:
 A = Non-vault XP
 B = Vault XP
 C = Vault XP percentage of total XP
 D = Non-vault monster count
 E = Vault monster count
 F = Vault count percentage of total count
                 A         B        C        D         E       F
            +---------+---------+-------+---------+---------+-------
      Total |     388 |       2 |   0.5 |      57 |       2 |   3.4
            +---------+---------+-------+---------+---------+-------
        D:1 |       9 |       2 |  18.2 |       5 |       2 |  28.6
        D:2 |      93 |       0 |   0.0 |      25 |       0 |   0.0
        D:3 |     110 |       0 |   0.0 |      20 |       0 |   0.0
        D:4 |     176 |       0 |   0.0 |       7 |       0 |   0.0
            +---------+---------+-------+---------+---------+-------
